 Dungeon Crawl Stone Soup version 0.31-a0-1074-g0b22e4e0f1 (webtiles) character file.

Game seed: 10806190643403374447

20426 tbh1313 the Severer (level 12, -4/142 (183) HPs)
             Began as a Minotaur Berserker on Dec 1, 2023.
             Was a High Priest of Trog.
             Slain by Rupert
             ... wielding a +0 great sword of draining
              (35 damage)
             ... on level 12 of the Dungeon.
             The game lasted 00:30:46 (11775 turns).

tbh1313 the Severer (Minotaur Berserker)           Turns: 11775, Time: 00:30:46

HP:   -4/142 (183)  AC: 15    Str: 22    XL:     12   Next: 45%
MP:   11/11         EV: 18    Int:  8    God:    Trog [*****.]
Gold: 187           SH: 10    Dex: 11    Spells: 11/11 levels left

rFire   + . .        a - +4 hand axe
rCold   . . .        A - +0 buckler {reflect}
rNeg    . . .        k - +2 ring mail {rF+}
rPois   .            g - +2 hat
rElec   .            s - +0 cloak
rCorr   .            t - +0 pair of gloves {Stlth+}
SInv    .            P - +1 pair of boots {Fly}
Will    .....        c - amulet of reflection Stlth
                     n - +5 ring of evasion
HPRegen 0.43/turn    m - +4 ring of slaying
MPRegen 0.12/turn

%: reflection
@: berserking, flying, heavily drained, very quick
A: horns 2, retaliatory headbutt
a: Renounce Religion, Berserk, Trog's Hand, Brothers in Arms


You were on level 12 of the Dungeon.
You worshipped Trog.
Trog was extremely pleased with you.
You visited 1 branch of the dungeon, and saw 12 of its levels.
You visited the Abyss 1 time.

You collected 654 gold pieces.
You spent 467 gold pieces at shops.

Inventory:

Hand Weapons
 a - a +4 hand axe (weapon)
 b - a +0 sling of freezing
 u - a +0 orcbow
 F - a +4 battleaxe
Missiles
 O - a throwing net
Armour
 d - +0 steam dragon scales
 g - a +2 hat (worn)
 k - a +2 ring mail of fire resistance (worn)
 s - a +0 cloak (worn)
 t - a +0 pair of gloves of stealth (worn)
 A - a +0 buckler of reflection (worn)
 P - a +1 pair of boots of flying (worn)
 R - a +2 leather armour of cold resistance
Jewellery
 c - an amulet of reflection (around neck)
 h - a ring of poison resistance
 m - a +4 ring of slaying (right hand)
 n - a +5 ring of evasion (left hand)
 q - a +6 ring of strength
 D - a +4 ring of protection
 G - a +5 ring of evasion
 H - a ring of protection from cold
 M - a ring of ice
Wands
 B - a wand of roots (10)
 C - a wand of flame (13)
 L - a wand of quicksilver (4)
 N - a wand of polymorph (8)
Scrolls
 i - 9 scrolls of teleportation
 j - 2 scrolls of noise
 v - 2 scrolls of blinking
 w - a scroll of summoning
 x - a scroll of poison
 y - 2 scrolls of amnesia
 z - 2 scrolls of immolation
 J - 7 scrolls of identify
 K - a scroll of fear
Potions
 e - 3 potions of curing
 f - 7 potions of enlightenment
 l - 3 potions of might
 o - a potion of ambrosia
 p - a potion of lignification
 r - a potion of magic
 E - 2 potions of mutation
 I - 2 potions of attraction
 Q - a potion of berserk rage {unknown}
 S - a potion of haste {unknown}


   Skills:
 - Level 16.3 Fighting
 + Level 18.0 Axes
 - Level 4.0 Ranged Weapons
 - Level 7.0 Armour
 - Level 7.0 Dodging
 - Level 5.0 Shields


You had 11 spell levels left.
You didn't know any spells.
Your spell library contained the following spells:

 Spells                   Type           Power      Damage    Failure   Level
 Foxfire                  Conj/Fire      0%         2x1d4     63%         1
 Shock                    Conj/Air       0%         1d3       63%         1
 Blink                    Tloc           0%         N/A       77%         2
 Lesser Beckoning         Tloc           0%         N/A       77%         2
 Momentum Strike          Conj/Tloc      0%         3d8       77%         2
 Poisonous Vapours        Pois/Air       0%         N/A       77%         2
 Mephitic Cloud           Conj/Pois/Air  0%         N/A       94%         3
 Stone Arrow              Conj/Erth      0%         3d7       94%         3
 Swiftness                Air            0%         N/A       94%         3
 Airstrike                Air            0%         2d(0-16)  100%        4
 Animate Armour           Summ/Erth      0%         N/A       100%        4
 Freezing Cloud           Conj/Ice/Air   0%         6-21      100%        5
 Summon Forest            Summ/Tloc      0%         N/A       100%        5
 Summon Mana Viper        Hex/Summ       0%         N/A       100%        5
 Plasma Beam              Fire/Air       0%         2x1d10    100%        6
 Starburst                Conj/Fire      0%         6d3       100%        6
 Summon Cactus Giant      Summ           0%         N/A       100%        6
 Lehudib's Crystal Spear  Conj/Erth      0%         10d2      100%        8


Dungeon Overview and Level Annotations

Branches:
Dungeon (12/15)            Temple (0/1) D:4            Lair (0/5) D:8
    Orc (0/2) D:9

Altars:
Cheibriados
Elyvilon
Qazlal
Sif Muna
Yredelemnul

Shops:
D:4 (   D:7 [   D:9 [*?[   D:10 [

Annotations:
D:4 3 runed translucent doors, ChaoticPyre's ghost, amateur DsSh
D:12 Rupert


Innate Abilities, Weirdness & Mutations

You have a pair of horns on your head.
You reflexively headbutt those who attack you in melee.


Message History

You feel drained. Rupert hits you but does no damage.
You feel drained.
There is a stone staircase leading up here.
A red film seems to cover your vision as you go berserk!
You feel yourself moving faster!
You feel mighty!
Rupert hits you with a +0 great sword of draining!
You feel drained.
You slice Rupert!! You headbutt Rupert!
Rupert is lightly wounded.
Rupert completely misses you. You furiously retaliate!
You headbutt Rupert!! You slash Rupert! You headbutt Rupert!!
Rupert is moderately wounded.
You slash Rupert! Your headbutt misses Rupert.
Rupert is heavily wounded.
Rupert hits you with a +0 great sword of draining!!!
You feel drained.
You closely miss Rupert. Your headbutt misses Rupert.
Rupert is heavily wounded.
Rupert misses you. You furiously retaliate!
You headbutt Rupert!! You slice Rupert!! You headbutt Rupert!
Rupert is severely wounded.
You barely miss Rupert.
Rupert is severely wounded.
Rupert hits you with a +0 great sword of draining!
You feel drained.
You slash Rupert! You headbutt Rupert!
Rupert is severely wounded.
Rupert hits you with a +0 great sword of draining!!!
* * * LOW HITPOINT WARNING * * *
You feel drained.
* * * LOW HITPOINT WARNING * * *
You slice Rupert!!
Rupert is almost dead.
You closely miss Rupert. You headbutt Rupert!
Rupert is almost dead.
Rupert misses you.
You slash Rupert! Your headbutt misses Rupert.
Rupert is almost dead.
Rupert hits you with a +0 great sword of draining!!
You die...
Rupert roars with triumph.

#. #.......#
#.###.......#
###...........#
.............
#........#
#........#
#........#
#######..###.#
#.@@...#
#......#
##.....#
......# ......#
##.....#
#.###.# #.# .#


You could see Rupert (berserk).

Levels and vault maps discovered:
D:1:      dpeg_arrival_signposts, layout_basic
D:2:      minmay_thinvault, layout_basic, uniq_jessica
D:3:      layout_basic, mainiacjoe_overflow_cross_hatched,
          hellmonk_sif_muna_bookshelves, shapermc_ecumenical_altar_acropolis,
          uniq_robin, uniq_natasha, uniq_crazy_yiuf_cottage, uniq_sigmund
D:4:      layout_rooms, minmay_temple_entry_grid, serial_shops, shop,
          biasface_ghost_orc_armoury
D:5:      layout_basic, old_standard_altar, hangedman_abyss_or_decor_stabs,
          chequers_big_river
D:6:      layout_basic, mainiacjoe_overflow_tiny_flanked, serial_corexii_hall,
          corexii_hall_statues_x, corexii_hall_statues_x,
          chequers_hall_statues_corner_a
D:7:      layout_basic, kennysheep_little_box, serial_shops,
          nicolae_shop_tiny_waterfront
D:8:      cheibrodos_wizards_tower, layout_rooms, david_lair_generic,
          special_room [special_room_orc], hangedman_decor_riveting,
          grunt_ministairs_13, uniq_maggie
D:9:      layout_loops_ring, minmay_orc_entry_guard_dogs,
          minmay_shop_grid_forest, uniq_erolcha, uniq_maurice
D:10:     layout_long_grid, serial_shops, nicolae_shop_rolling_square
D:11:     layout_loops_ring, uniq_josephine
D:12:     cheibrodos_tormentor_scu, layout_stronghold, uniq_rupert

Notes
Turn   | Place    | Note
-------+----------+-------------------------------------------
     0 | D:1      | tbh1313 the Minotaur Berserker began the quest for the Orb.
     0 | D:1      | Reached XP level 1. HP: 19/19 MP: 0/0
   188 | D:1      | Reached skill level 4 in Axes
   233 | D:1      | Reached XP level 2. HP: 25/26 MP: 1/1
   850 | D:1      | Reached ** piety under Trog
   851 | D:1      | Reached skill level 5 in Axes
  1017 | D:2      | Noticed Jessica
  1021 | D:2      | Killed Jessica
  1022 | D:2      | Reached XP level 3. HP: 31/31 MP: 2/2
  1249 | D:2      | Reached skill level 6 in Axes
  1249 | D:2      | Reached XP level 4. HP: 39/39 MP: 3/3
  2083 | D:3      | Noticed Natasha
  2096 | D:3      | Killed Natasha
  2097 | D:3      | Reached XP level 5. HP: 39/45 MP: 4/4
  2130 | D:3      | Noticed Robin
  2134 | D:3      | Noticed Natasha
  2138 | D:3      | Reached *** piety under Trog
  2148 | D:3      | Killed Natasha
  2153 | D:3      | Killed Robin
  2154 | D:3      | Reached skill level 7 in Axes
  2259 | D:3      | Noticed Sigmund
  2282 | D:3      | Killed Sigmund
  2283 | D:3      | Reached XP level 6. HP: 51/51 MP: 5/5
  2387 | D:3      | Found a faded altar of an unknown god.
  2432 | D:3      | Found a stormy altar of Qazlal.
  2606 | D:3      | Found a shimmering blue altar of Sif Muna.
  2828 | D:3      | Found a runed translucent door.
  2829 | D:3      | Noticed Crazy Yiuf
  2836 | D:3      | Killed Crazy Yiuf
  2837 | D:3      | Reached skill level 5 in Armour
  3008 | D:4      | Reached skill level 8 in Axes
  3112 | D:4      | Found a staircase to the Ecumenical Temple.
  3180 | D:4      | Reached XP level 7. HP: 51/57 MP: 6/6
  3340 | D:4      | Found Cuzeluco's Antique Weapon Shop.
  3358 | D:4      | Found a runed translucent gate.
  3358 | D:4      | Identified the +0 spear of Dafroutz {chaos, Drain rCorr
                  | Int+5}
  3358 | D:4      | Noticed ChaoticPyre's ghost (amateur DsSh)
  3359 | D:4      | Found a runed translucent gate.
  3360 | D:4      | Found a runed translucent gate.
  3636 | D:5      | Entered Level 5 of the Dungeon
  3647 | D:5      | Reached skill level 9 in Axes
  3938 | D:5      | Found a snail-covered altar of Cheibriados.
  3963 | D:5      | Reached skill level 10 in Axes
  4800 | D:5      | Reached XP level 8. HP: 64/64 MP: 7/7
  5066 | D:6      | Reached skill level 11 in Axes
  5081 | D:6      | Identified the +7 falchion of Feral True Grit {speed, Fly
                  | Dex+3}
  5188 | D:6      | Found a basalt altar of Yredelemnul.
  5304 | D:6      | Reached **** piety under Trog
  5477 | D:6      | Reached skill level 1 in Ranged Weapons
  5652 | D:7      | Reached skill level 12 in Axes
  5932 | D:7      | Identified a scroll of acquirement
  5932 | D:7      | Acquired a manual of Fighting
  6054 | D:7      | Found a white marble altar of Elyvilon.
  6113 | D:7      | Reached XP level 9. HP: 69/70 MP: 8/8
  6203 | D:7      | Reached skill level 13 in Axes
  6541 | D:7      | Found Suap's Armour Shoppe.
  6551 | D:7      | Bought a +0 buckler of reflection for 136 gold pieces
  6834 | D:8      | Found a staircase to the Lair.
  6834 | D:8      | Noticed an elephant
  6876 | D:7      | Killed an elephant
  6936 | D:8      | Reached skill level 14 in Axes
  6943 | D:8      | Reached skill level 5 in Shields
  6947 | D:8      | Reached skill level 5 in Fighting
  7090 | D:8      | Noticed an orc sorcerer
  7095 | D:8      | Noticed an ice devil
  7099 | D:8      | Noticed an ice devil
  7100 | D:8      | Paralysed by an orc sorcerer for 5 turns
  7103 | D:8      | Noticed an ice devil
  7109 | D:8      | Paralysed by an orc sorcerer for 2 turns
  7420 | D:8      | Reached XP level 10. HP: 85/93 MP: 9/9
  7422 | D:8      | Reached skill level 10 in Fighting
  7496 | D:8      | Reached ***** piety under Trog
  7575 | D:8      | Killed an orc sorcerer
  7621 | D:8      | Noticed a five-headed hydra
  7625 | D:8      | Noticed Maggie
  7834 | D:8      | Killed a seven-headed hydra
  7851 | D:8      | Reached skill level 15 in Fighting
  7998 | D:8      | Killed Maggie
  8218 | D:9      | Found Ikleuq's Antique Armour Shoppe.
  8219 | D:9      | Found Oqor's General Store.
  8220 | D:9      | Noticed a cyclops
  8237 | D:9      | Killed a cyclops
  8354 | D:9      | Found Opax's Magic Scroll Shoppe.
  8355 | D:9      | Found Abreej's Antique Armour Shoppe.
  8362 | D:9      | Bought 3 scrolls of identify for 84 gold pieces
  8378 | D:9      | Bought a scroll of teleportation for 33 gold pieces
  8452 | D:9      | Noticed Erolcha
  8465 | Abyss:1  | Cast into level 1 of the Abyss (Erolcha)
  8501 | Abyss:1  | Noticed an apocalypse crab
  8517 | Abyss:1  | Killed an apocalypse crab
  8518 | Abyss:1  | Reached XP level 11. HP: 77/114 MP: 10/10
  8523 | Abyss:1  | Noticed a thrashing horror
  8643 | Abyss:1  | Found a corrupted altar of Lugonu.
  8645 | Abyss:1  | Noticed a thrashing horror
  8649 | Abyss:1  | Noticed a wretched star
  8660 | Abyss:1  | Killed a wretched star
  8662 | Abyss:1  | Killed a thrashing horror
  8741 | Abyss:1  | Noticed a wretched star
  8762 | Abyss:1  | HP: 7/91 [metal wall collision (7)]
  8778 | Abyss:1  | Killed a wretched star
  8806 | Abyss:1  | Reached skill level 5 in Dodging
  8873 | D:9      | Escaped the Abyss
  8880 | D:9      | Killed Erolcha
  8881 | D:9      | Reached skill level 15 in Axes
  8965 | D:9      | Noticed Maurice
  8977 | D:9      | Maurice stole a ring of ice
  8981 | D:9      | Killed Maurice
  9236 | D:9      | Found a staircase to the Orcish Mines.
  9686 | D:10     | Entered Level 10 of the Dungeon
  9699 | D:10     | Reached skill level 16 in Axes
  9973 | D:10     | Found Pyedgh's Armour Emporium.
  9979 | D:10     | Bought a +1 pair of boots of flying for 214 gold pieces
 10147 | D:10     | Reached XP level 12. HP: 122/122 MP: 11/11
 10721 | D:11     | Noticed Josephine
 10737 | D:11     | Killed Josephine
 10738 | D:11     | Reached skill level 17 in Axes
 11213 | D:11     | Noticed a two-headed ogre
 11227 | D:11     | Killed a two-headed ogre
 11232 | D:11     | Reached skill level 18 in Axes
 11750 | D:12     | Noticed Rupert
 11775 | D:12     | Slain by Rupert

Table legend: (Time is in decaauts)
 A = Elapsed time spent in this place.
 B = Non-inter-level travel time spent in this place.
 C = Inter-level travel time spent in this place.
 D = Time resting spent in this place.
 E = Time spent auto-exploring this place.
 F = Levels seen in this place.
 G = Mean time per level.
                   A        B        C        D        E       F      G
               +--------+--------+--------+--------+--------+-----+--------+
         Total |  11710 |  11282 |    428 |   2396 |   6942 |  13 |  900.8 |
       Dungeon |  11314 |  10886 |    428 |   2138 |   6919 |  12 |  942.8 |
         Abyss |    395 |    395 |      0 |    257 |     23 |   1 |  395.0 |
               +--------+--------+--------+--------+--------+-----+--------+

Top non-repeatable levels by time:
     D:5: 1430 daAuts
     D:7: 1386 daAuts
     D:8: 1181 daAuts
     D:9: 1120 daAuts
     D:2: 1033 daAuts
     D:3: 990 daAuts
    D:11: 989 daAuts
    D:10: 964 daAuts
     D:1: 945 daAuts
     D:4: 704 daAuts
     D:6: 545 daAuts
 Abyss:1: 395 daAuts
    D:12: 22 daAuts

Table legend:
 A = Kills in this place as a percentage of kills in the entire game.
 B = Kills by you in this place as a percentage of kills by you in the entire game.
 C = Kills by friends in this place as a percentage of kills by friends in the entire game.
 D = Other kills in this place as a percentage of other kills in the entire game.
 E = Experience gained in this place as a percentage of experience gained in the entire game.
 F = Experience gained in this place divided by the number of levels of this place that you have seen.
                   A       B       C       D       E      F
               +-------+-------+-------+-------+-------+----------------------
         Total | 100.0 | 100.0 | 100.0 |   N/A | 100.0 | 2244.7
       Dungeon |  97.1 |  97.4 |  75.0 |   N/A |  84.2 | 2048.2
         Abyss |   2.9 |   2.6 |  25.0 |   N/A |  15.8 | 4603.0
               +-------+-------+-------+-------+-------+----------------------

Action                     |  1- 3 |  4- 6 |  7- 9 | 10-12 || total
---------------------------+-------+-------+-------+-------++-------
  Melee: Hand axe          |    67 |   122 |   269 |   369 ||   827
         Headbutt          |     8 |    19 |    49 |    78 ||   154
         Punch             |       |       |     1 |       ||     1
         Unarmed           |       |       |       |    11 ||    11
   Fire: Sling             |       |    29 |   144 |    40 ||   213
 Invoke: Berserk           |     1 |     3 |     4 |     9 ||    17
         Brothers in Arms  |       |       |       |     3 ||     3
         Trog's Hand       |       |       |       |     5 ||     5
    Use: Scroll            |       |     5 |    12 |     5 ||    22
         Potion            |       |       |       |     2 ||     2
   Stab: Distracted        |       |       |     1 |     1 ||     2
         Sleeping          |       |       |       |     2 ||     2
 Armour: Animal skin       |    37 |       |       |       ||    37
         Ring mail         |     4 |    75 |   139 |   161 ||   379
         Skin              |       |       |       |     2 ||     2
  Dodge: Dodged            |    47 |    65 |   143 |   188 ||   443
  Block: Other             |    15 |    23 |    30 |     1 ||    69
         Reflection        |     1 |     3 |     1 |     7 ||    12
         Buckler           |       |       |    29 |   132 ||   161

Vanquished Creatures
  Josephine (D:11)
  A spriggan skeleton (Abyss:1)
  Erolcha (D:9)
  A two-headed ogre (D:11)
  A thrashing horror (Abyss:1)
  2 wretched stars (Abyss:1)
  An orc sorcerer (D:8)
  4 cyclopes
  Maurice (D:9)
  An elephant (D:7)
  2 large abominations
  An apocalypse crab (Abyss:1)
  A gargoyle (D:10)
  2 unseen horrors (D:10)
  Maggie (D:8)
  A hornet (D:11)
  Sigmund (D:3)
  A shadow (D:11)
  5 wraiths (D:11)
  26 yaks
  3 wyverns
  2 basilisks (D:8)
  2 steam dragons
  2 vampire mosquitoes (D:11)
  3 wargs (D:9)
  A water moccasin (D:9)
  6 orc warriors
  2 ice beasts
  2 black bears
  2 ogres
  A centaur (D:5)
  6 kobold brigands
  A gnoll sergeant (D:8)
  2 scorpions
  A small abomination (Abyss:1)
  16 wights
  12 howler monkeys
  A jelly (D:8)
  4 hounds
  2 gnoll boudas
  Crazy Yiuf (D:3)
  5 orc priests
  Jessica (D:2)
  3 sleepcaps
  Natasha (twice) (D:3)
  6 orc wizards
  Robin (D:3)
  11 adders
  10 gnolls
  3 white imps
  4 ufetubi
  3 worms
  2 dart slugs
  38 orcs
  4 endoplasms
  8 giant cockroaches
  6 hobgoblins
  4 jackals
  3 quokkas
  8 ball pythons
  6 bats
  4 frilled lizards
  12 goblins
  31 kobolds
  6 rats
308 creatures vanquished.

Vanquished Creatures (collateral kills)
  A hydra (D:8)
  A centaur skeleton (Abyss:1)
  An ogre (D:8)
  An orc (D:8)
4 creatures vanquished.

Vanquished Creatures (others)
  A goblin (D:3)
1 creature vanquished.

Grand Total: 313 creatures vanquished
